Map: 缀蓝秋原-天梯版

Players

Crow - Winner!

  • Race: Zerg Zerg
  • Spawn Location: 7:00

cloudy

  • Race: Protoss Protoss
  • Spawn Location: 1:00

Event: WCS Montreal 2018

VOD

Have the link to the VOD?

Description

Time

  • Played on: Sept. 7, 2018, 4:02 p.m.
  • Length: 6:10

All games in this series

Show
View Real Time Build Order
Export as new Build Order

Crow Zerg - Winner!

Build Orders: Pool First 

Get SALT Encoding   

  12  0:00  Drone  
  13  0:12  Overlord  
  13  0:17  Drone  
  14  0:30  Drone x2  
  14  0:34  Drone  
  17  0:44  Extractor  
  17  0:45  Drone  
  17  0:49  Spawning Pool  
  16  0:55  Drone  
  17  1:06  Drone  
  18  1:19  Hatchery  
  18  1:23  Drone  
  18  1:28  Drone  
  19  1:38  Queen  
  21  1:44  Metabolic Boost  
  21  1:51  Overlord  
  21  1:56  Drone  
  22  2:10  Drone  
  22  2:12  Drone  
  22  2:13  Queen  
  26  2:21  Drone  
  27  2:31  Drone, Queen  
  27  2:34  Drone  
  31  2:43  Zergling x4  
  33  2:46  Zergling x2  
  33  2:47  Zergling x2  
  35  2:51  Lair  
  35  2:54  Overlord  
  35  3:04  Drone  
  36  3:08  Extractor  
  36  3:12  Queen  
  36  3:17  Drone x2  
  40  3:21  Drone  
  40  3:22  Overlord  
  40  3:26  Spore Crawler  
  40  3:27  Drone  
  40  3:29  Zergling x6  
  44  3:35  Overlord  
  44  3:40  Zergling x2  
  44  3:41  Zergling x4  
  47  3:44  Overlord  
  47  3:51  Nydus Network  
  46  3:57  Queen  
  46  4:01  Zergling x2  
  46  4:02  Zergling x2  
  50  4:04  Zergling x2  
  50  4:06  Zergling x2  
  50  4:09  Zergling x2  
  53  4:11  Zergling x2  
  53  4:13  Zergling x2  
  53  4:16  Zergling x2  
  56  4:20  Zergling x2  
  56  4:23  Zergling x4  
  56  4:30  Nydus Canal  
  55  4:35  Zergling x6  
  58  4:40  Zergling x2  
  58  4:43  Zergling x2  
  60  4:48  Zergling x2  
  60  4:54  Zergling x2  
  60  4:58  Zergling x2  
  57  5:06  Zergling x2, Queen x2  
  55  5:10  Zergling x2  
  53  5:17  Zergling x2  
  51  5:22  Zergling x2  
  51  5:28  Zergling x2  
  48  5:31  Zergling x2  
  46  5:37  Zergling x2  
  46  5:39  Zergling x2  
  47  5:49  Zergling x2  
Show
View Real Time Build Order
Export as new Build Order

cloudy Protoss 

Build Orders: 1 Gate Expand, Oracle Opening 

Get SALT Encoding   

  12  0:01  Probe  
  13  0:13  Probe  
  14  0:20  Pylon  
  14  0:25  Probe  
  15  0:35  Probe  
  15  0:38  Gateway  
  16  0:43  Probe  
  16  0:48  Assimilator  
  17  0:53  Probe  
  18  1:05  Probe  
  19  1:25  Nexus  
  19  1:31  Probe  
  20  1:38  Cybernetics Core  
  20  1:46  Probe  
  21  1:50  Assimilator  
  21  1:56  Pylon  
  21  1:58  Probe  
  22  2:05  Adept  
  22  2:10  Probe  
  25  2:20  Stargate  
  25  2:23  Probe  
  25  2:31  Warp Gate  
  25  2:35  Probe  
  25  2:36  Adept  
  28  2:39  Probe  
  29  2:48  Probe  
  30  2:51  Probe  
  31  3:00  Probe  
  31  3:03  Probe  
  33  3:05  Oracle  
  33  3:12  Sentry, Probe  
  34  3:16  Probe  
  34  3:18  Pylon  
  38  3:24  Probe  
  41  3:28  Probe  
  41  3:33  Gateway  
  42  3:36  Probe  
  42  3:37  Gateway, Oracle  
  42  3:40  Probe  
  48  3:48  Probe  
  48  3:52  Probe  
  49  3:55  Pylon  
  49  4:00  Probe  
  50  4:04  Probe  
  50  4:07  Pylon  
  51  4:12  Probe  
  51  4:13  Twilight Council  
  51  4:16  Probe  
  53  4:30  Probe x2  
  54  4:36  Stalker x2  
  54  4:37  Adept  
  60  4:38  Shield Battery  
  60  4:41  Shield Battery  
  60  4:48  Shield Battery  
  60  4:58  Adept  
  57  5:01  Zealot x2  
  50  5:13  Probe x2  
  47  5:16  Assimilator  
  47  5:18  Assimilator  
  43  5:21  Zealot  
  43  5:22  Zealot  
  43  5:23  Adept  
  32  5:30  Probe x2  
  30  5:42  Stalker  
  25  5:50  Zealot x2  
  25  5:53  Probe x2  
Tags
 
Add a new tag
Caveats
  • Supply blocks, unpowered buildings, or Contaminate may cause inaccurate times.
  • Supply counts are checked every 10 seconds.